 Seeded DCSS version 0.31-a0-236-g9a0961fb85 (webtiles) character file.

Game seed: 16737220663954838067 (custom seed)

121 innerfire43 the Trooper (level 4, -1/37 HPs)
             Began as a Demonspawn Monk on July 10, 2023.
             Was a Believer of Cheibriados.
             Splashed by a jelly's acid (8 damage)
             ... on level 4 of the Dungeon.
             The game lasted 00:02:10 (2586 turns).

innerfire43 the Trooper (Demonspawn Monk)           Turns: 2586, Time: 00:02:11

Health: -1/37      AC: -2    Str: 17    XL:     4   Next: 76%
Magic:  4/4        EV: 14    Int: 16    God:    Cheibriados [**....]
Gold:   154        SH:  0    Dex: 19    Spells: 3/3 levels left

rFire   . . .        a - +0 hand axe
rCold   . . .        d - orb {light}
rNeg    . . .        b - +0 robe
rPois   .            (no helmet)
rElec   .            (no cloak)
rCorr   .            (no gloves)
SInv    .            (no boots)
Will    +....        (no amulet)
Stlth   +            h - ring of willpower
HPRegen 0.26/turn    (no ring)
MPRegen 0.09/turn

%: no passive effects
@: confused, lethally poisoned (-1 -> -5), ambrosia-drunk, corroded, glowing,
very slow
A: ignite blood 1, weakness stinger 1
a: Renounce Religion, Bend Time


You were on level 4 of the Dungeon.
You worshipped Cheibriados.
Cheibriados was pleased with you.
You visited 1 branch of the dungeon, and saw 4 of its levels.

You collected 154 gold pieces.

Inventory:

Hand Weapons
 a - a +0 hand axe (weapon)
Armour
 b - a +0 robe (worn)
 d - an orb of light (worn)
Jewellery
 h - a ring of willpower (left hand)
Scrolls
 c - a scroll of teleportation {unknown}
 e - 3 scrolls of identify {unknown}
 f - 2 scrolls of immolation {unknown}
 g - 3 scrolls of enchant armour {unknown}
 k - 4 scrolls of torment {unknown}
 l - a scroll of fear {unknown}
Potions
 m - a potion of attraction {unknown}
 n - 3 potions of curing {unknown}
 o - 2 potions of brilliance {unknown}
 p - 2 potions of cancellation {unknown}
 q - a potion of enlightenment {unknown}


   Skills:
 + Level 4.0 Fighting
 + Level 3.6 Axes
 + Level 3.6 Dodging


You had 3 spell levels left.
You didn't know any spells.
Your spell library contained the following spells:

 Spells                   Type           Power      Damage    Failure   Level
 Kiss of Death            Conj/Necr      0%         2d5       26%         1
 Confusing Touch          Hex            0%         N/A       58%         3
 Dispel Undead            Necr           0%         3d6       94%         4


Dungeon Overview and Level Annotations

Branches:
Dungeon (4/15)
 Temple: D:4-7

Altars:
Cheibriados
Makhleb
Ru

Annotations:
D:4 Edmund


Innate Abilities, Weirdness & Mutations

Your demonic aura sometimes causes spilled blood to erupt in flames.
You have a small tail.


Message History

The orc hits you with a +0 whip.
You are too injured to fight recklessly!
Unknown command.
You hit the phantom.
The phantom is moderately damaged.
You hit the orc but do no damage. You hit the orc.
You kill the orc!
Cheibriados appreciates the change of pace.
You feel sick. The phantom closely misses you.
The orc hits you from afar with a +0 trident.
The orc hits you with a +0 whip.
* * * LOW HITPOINT WARNING * * *
The orc misses you. The phantom hits you.
* * * LOW HITPOINT WARNING * * *
The phantom blinks!
You blink.
Edmund, an ufetubus and a jelly come into view.
Edmund is wielding a +1 dire flail of venom.
It was a potion of heal wounds.
You feel much better.
You feel sick.
Edmund shouts!
The ufetubus shouts!
The jelly quivers.
The phantom closely misses you.
An orc comes into view. It is wielding a +0 flail.
You slash the phantom!
The phantom is heavily damaged.
You feel sick.
An adder comes into view.
The phantom completely misses you.
You barely miss the phantom.
The phantom is heavily damaged.
The adder hisses angrily.
You hit the jelly.
Your hands burn!
You feel sick. The jelly hits you.
You are splashed with acid!
* * * LOW HITPOINT WARNING * * *
The phantom barely misses you.
You are confused.
You feel invigorated.
You feel sick. The ufetubus completely misses you.
The ufetubus closely misses you. The jelly hits you.
* * * LOW HITPOINT WARNING * * *
The acid corrodes you!
You are splashed with acid!
You die...

## #. .. #..#
.#########..#
..=...))....###
#.)<.o.....
........##.#.##
#####.#..o.#5##.#..
#.####W@J.S.... #
#..#.#.#.. #.## @.
.# ... #. #.# .. .
#. ...


You could see Edmund, a phantom, a jelly, an adder, 2 orcs and an ufetubus.

Vanquished Creatures
  3 adders
  4 worms
  3 dart slugs
  8 orcs
  8 endoplasms
  A giant cockroach (D:2)
  5 goblins
  4 hobgoblins
  5 jackals (D:2)
  4 quokkas
  4 ball pythons (D:1)
  5 bats
  4 frilled lizards
  2 kobolds
  4 rats
64 creatures vanquished.

Notes
Turn   | Place    | Note
-------+----------+-------------------------------------------
     0 | D:1      | innerfire43 the Demonspawn Monk began the quest for the
                  | Orb.
     0 | D:1      | Reached XP level 1. HP: 18/18 MP: 1/1
   380 | D:1      | Gained mutation: Your demonic aura sometimes causes spilled
                  | blood to erupt in flames. [demonic ancestry]
   380 | D:1      | Reached XP level 2. HP: 3/24 MP: 2/2
   381 | D:1      | HP: 1/24 [hobgoblin (2)]
   551 | D:1      | Found a faded altar of an unknown god.
  1005 | D:2      | Reached XP level 3. HP: 29/29 MP: 3/3
  1642 | D:2      | Gained mutation: You have a small tail. [demonic ancestry]
  1642 | D:2      | Reached XP level 4. HP: 31/37 MP: 4/4
  1725 | D:2      | Found a sacrificial altar of Ru.
  2106 | D:3      | Reached skill level 4 in Fighting
  2329 | D:3      | Found a snail-covered altar of Cheibriados.
  2355 | D:3      | Became a worshipper of Cheibriados the Contemplative
  2355 | D:3      | Reached * piety under Cheibriados
  2355 | D:3      | Reached ** piety under Cheibriados
  2492 | D:3      | Found a burning altar of Makhleb.
  2575 | D:4      | Noticed a phantom
  2582 | D:4      | Noticed Edmund
  2586 | D:4      | Splashed by a jelly's acid

Illustrated notes

Levels and vault maps discovered:
D:1:      zaba_arrival_water, layout_basic,
          hellmonk_ecumenical_altar_pennies_from_heaven
D:2:      layout_basic, basic_altar, minmay_increasing_density
D:3:      layout_basic, mainiacjoe_overflow_surrounded_room,
          cheibrodos_worm_habitat
D:4:      layout_loops_ring, nicolae_qazlal_scattered_showers, serial_glass,
          glass_columns_b, glass_columns_a, grunt_tough_drop, uniq_ijyb,
          uniq_grinder, uniq_edmund

Skill      XL: |  1  2  3  4 |
---------------+-------------+-----
Axes           | 3 |  3.6
Dodging        | 3 |  3.6
Fighting       | 4 |  4.0

Action                     |  1- 3 |  4- 6 || total
---------------------------+-------+-------++-------
  Melee: Hand axe          |   126 |    52 ||   178
         Tailslap          |       |    10 ||    10
    Use: Potion            |     1 |     2 ||     3
 Armour: Robe              |    20 |     6 ||    26
  Dodge: Dodged            |    87 |    39 ||   126

Table legend: (Time is in decaauts)
 A = Elapsed time spent in this place.
 B = Non-inter-level travel time spent in this place.
 C = Inter-level travel time spent in this place.
 D = Time resting spent in this place.
 E = Time spent auto-exploring this place.
 F = Levels seen in this place.
 G = Mean time per level.
                   A        B        C        D        E       F      G
               +--------+--------+--------+--------+--------+-----+--------+
         Total |   2718 |   2618 |    100 |      0 |   2205 |   4 |  679.5 |
       Dungeon |   2718 |   2618 |    100 |      0 |   2205 |   4 |  679.5 |
               +--------+--------+--------+--------+--------+-----+--------+

Top non-repeatable levels by time:
     D:2: 942 daAuts
     D:1: 941 daAuts
     D:3: 820 daAuts
     D:4: 14 daAuts
